 Dungeon Crawl Stone Soup version 0.17.0-73-gb648821 (webtiles) character file.

634 PossumBlood the Shield-Bearer (level 7, -7/56 HPs)
             Began as a Formicid Fighter on Dec 8, 2015.
             Mangled by an iguana (9 damage)
             ... on level 5 of the Dungeon.
             The game lasted 00:12:55 (4164 turns).

PossumBlood the Shield-Bearer (Formicid Fighter)    Turns: 4164, Time: 00:12:55

Health: -7/56      AC:  7    Str: 24    XL:     7   Next: 79%
Magic:  7/7        EV:  8    Int:  8    God:
Gold:   223        SH: 11    Dex: 10    Spells: 0 memorised, 6 levels left

rFire  . . .     SeeInvis +     a - +1 long sword
rCold  . . .     Clarity  .     b - +0 scale mail
rNeg   . . .     SustAt   .     c - +1 shield
rPois  +         Gourm    +     (helmet unavailable)
rElec  .         Spirit   .     (no cloak)
rCorr  .         Warding  .     (no gloves)
rMut   .         Stasis   +     (no boots)
MR     .....                    k - amulet of the gourmand
Stlth  ..........               r - ring of poison resistance
                                l - +2 ring of strength

@: not resistant to hostile enchantments, extremely unstealthy
A: permanent stasis, dig shafts and tunnels, four strong arms, antennae 3
a: Dig, Shaft Self


You were on level 5 of the Dungeon.
You were not hungry.

You visited 1 branch of the dungeon, and saw 5 of its levels.

You collected 223 gold pieces.

Inventory:

Hand Weapons
 a - a +1 long sword (weapon)
Armour
 b - a +0 scale mail (worn)
 c - a +1 shield (worn)
 u - a +0 ring mail
Jewellery
 k - an amulet of the gourmand (around neck)
 l - a +2 ring of strength (left hand)
 m - an uncursed ring of wizardry
 r - a ring of poison resistance (right hand)
Scrolls
 g - 2 scrolls of fog
 j - 3 scrolls of identify
 n - 2 scrolls of remove curse
 v - a scroll of enchant armour
 w - 2 scrolls of enchant weapon
 y - a scroll of noise {unknown}
 C - a scroll of amnesia {unknown}
Potions
 d - a potion of might
 f - 2 potions of ambrosia
 i - 3 potions of curing
 o - a potion of heal wounds {unknown}
 p - a potion of flight {unknown}
 q - a potion of cancellation {unknown}
 z - 2 potions of brilliance
 A - a potion of invisibility {unknown}
 B - a potion of lignification {unknown}
Books
 x - a book of Unlife

   Spells                             Type                      Level
   a - Recall                         Summoning/Translocation      3
   b - Animate Dead                   Necromancy                   4
   c - Control Undead                 Necromancy                   4
   d - Cigotuvi's Embrace             Necromancy                   5
   e - Death Channel                  Necromancy                   6
   f - Simulacrum                     Ice/Necromancy               6
Comestibles
 e - 3 bread rations
 h - 4 fruits
 s - a beef jerky
 t - a meat ration


   Skills:
 + Level 5.1 Fighting
 * Level 5.3 Long Blades
 + Level 4.9 Armour
 + Level 5.5 Shields


You had 6 spell levels left.
You didn't know any spells.

Dungeon Overview and Level Annotations

Branches:
Dungeon (5/15)
 Temple: D:4-7

Altars:
Ashenzari
Dithmenos
Trog
Xom

Shops:
D:4 *


Innate Abilities, Weirdness & Mutations

You are under a permanent stasis effect.
You can dig through walls and to a lower floor.
Your four strong arms can wield two-handed weapons with a shield.
You have a pair of large antennae on your head (SInv).


Message History

The shadow imp hits you but does no damage.
You block the iguana's attack.
You are too injured to fight recklessly!
You are too injured to fight recklessly!
You are too injured to fight recklessly!
You hit the iguana.
The iguana is almost dead.
You block the shadow imp's attack.
The iguana bites you but does no damage.
You closely miss the iguana.
The iguana is almost dead.
The shadow imp barely misses you. The iguana bites you.
* * * LOW HITPOINT WARNING * * *
The shadow imp hits you but does no damage.
You closely miss the iguana.
The iguana is almost dead.
The iguana bites you!
* * * LOW HITPOINT WARNING * * *
The shadow imp closely misses you. The iguana bites you!
You die...

....+ .. #.
#................ ....#
#.(.#. #.............###
....##
+...#.##................
.....##
#.............######....
......# #.............#
.... ......#
#.............# ....
......# #.............#
.... #..>..#
#.............# ..
#.....## #......@!.....#
................l5...<.#
......######...........#
......... #.............
.......##
#..>...........
.###.....
#.............. .#
##.#.. #...........## ##
.... #...........#


You could see an iguana and a shadow imp.

Vanquished Creatures
  A phantom (D:4)
  A giant frog (D:4)
  A scorpion (D:4)
  A crimson imp (D:5)
  A giant frog zombie (D:5)
  2 hounds (D:3)
  A giant frog skeleton (D:4)
  2 worker ants (D:4)
  A gnoll (D:3)
  10 adders
  3 oozes
  3 worms
  2 adder skeletons (D:4)
  7 giant geckos
  2 ball pythons
  4 giant cockroaches
  9 hobgoblins
  7 jackals (D:1)
  8 bats
  3 giant newts
  11 goblins
  8 kobolds
  2 quokkas
  6 rats
96 creatures vanquished.

Notes
Turn   | Place    | Note
--------------------------------------------------------------
     0 | D:1      | PossumBlood the Formicid Fighter began the quest for the Orb.
     0 | D:1      | Reached XP level 1. HP: 18/18 MP: 1/1
    99 | D:1      | Found a shimmering altar of Xom.
   140 | D:1      | Reached XP level 2. HP: 6/24 MP: 2/2
   515 | D:1      | Reached XP level 3. HP: 19/30 MP: 3/3
  1164 | D:1      | Reached XP level 4. HP: 37/37 MP: 4/4
  1361 | D:2      | Found a shadowy altar of Dithmenos.
  1705 | D:2      | Reached skill level 4 in Shields
  2124 | D:3      | Reached XP level 5. HP: 35/42 MP: 5/5
  2380 | D:3      | Reached XP level 6. HP: 20/49 MP: 6/6
  3197 | D:4      | Found a shattered altar of Ashenzari.
  3216 | D:4      | Reached skill level 5 in Shields
  3216 | D:4      | Reached XP level 7. HP: 47/55 MP: 7/7
  3438 | D:4      | Found a bloodstained altar of Trog.
  3524 | D:4      | Found Pytwoff's Practical Paraphernalia.
  3694 | D:4      | Reached skill level 5 in Long Blades
  3931 | D:4      | Reached skill level 5 in Fighting
  4033 | D:5      | Entered Level 5 of the Dungeon
  4164 | D:5      | HP: 2/56 [iguana (10)]
  4164 | D:5      | Mangled by an iguana

Action                   |  1- 3 |  4- 6 |  7- 9 || total
-------------------------+-------+-------+-------++-------
Melee: Long sword        |   125 |   225 |    77 ||   427
  Use: Scroll            |       |     7 |     4 ||    11
       Potion            |       |       |     1 ||     1
  Eat: Fruit             |     1 |     4 |       ||     5
       Bread ration      |       |     1 |     1 ||     2
